 Dungeon Sprint DCSS version bcrawl-1.31 (webtiles) character file.

Game seed: 862185883634868776

1468168 Groucho the Acrobat (level 15, 81/95 HPs)
             Began as a Spriggan Enchanter on Apr 10, 2021.
             Was the Champion of Dithmenos.
             Escaped with the Orb!
             The game lasted 00:55:24 (6970 turns).

Groucho the Acrobat (Spriggan Enchanter)            Turns: 6970, Time: 00:55:24

Health: 81/95      AC:  7    Str: 10    XL:     15   Next: 37%
Magic:  36/36      EV: 41    Int: 18    God:    Dithmenos [******]
Gold:   3499       SH:  0    Dex: 18    Spells: 26/46 levels left

rFire    + . .     SeeInvis +   W - +8 arc blade {discharge, rElec}
rCold    + + .     Gourm    .   (shield restricted)
rNeg     . . .     Faith    .   T - +2 robe
rPois    +         Spirit   .   v - +2 hat
rElec    +         Reflect  .   I - scarf {rC+ rF+}
rCorr    .         Harm     .   (gloves unavailable)
MR       +....     Clarity  +   (boots unavailable) Stlth ++++++....NoTele +
                                (no amulet)
HPRegen  0.25/turn              c - ring "Kopsuq" {+Fly MR- Str+2 Stlth+}
MPRegen  0.25/turn              f - ring of poison resistance

@: flying (expiring), wreathed by umbra, very quick
A: very small, unfitting armour, repulsion field 1, rugged brown scales 1, see
invisible, blink, clarity, cold resistance 1, deterioration 1, herbivore, speed
3, slow metabolism 2
0: Orb of Zot
a: Blink, Shadow Step, Shadow Form, Renounce Religion, Stop Flying


You escaped.
You worshipped Dithmenos.
Dithmenos was exalted by your worship.
You were not hungry.

You visited 1 branch You collected 6179 gold pieces.
You spent 2680 gold pieces at shops.

Inventory:

Hand Weapons
 D - a +4 dagger of distortion
 Q - a +4 dagger of freezing
 R - a +1 short sword of venom
 U - a +2 rapier of electrocution
 W - the +8 arc blade (weapon) {discharge, rElec}
   (You acquired it in the Dungeon)

   It insulates you from electricity.
 X - a +7 quick blade
Missiles
 s - 1405 stones (quivered)
Armour
 v - a +2 hat (worn)
 I - a scarf of resistance (worn)
 T - a +2 robe (worn)
Jewellery
 a - a +4 amulet of reflection {unknown}
 b - an uncursed ring of ice {unknown}
 c - the ring "Kopsuq" (left hand) {+Fly MR- Str+2 Stlth+}
   (You bought it in a shop in the Dungeon)

   [ring of flight]

   It affects your strength (+2).
   It affects your resistance to hostile enchantments.
   It lets you fly.
   It makes you more stealthy.
 f - a ring of poison resistance (right hand)
 h - an uncursed ring of protection from cold {unknown}
 n - the amulet of Tola {Reflect rElec rC++ MR- Dex+4 SH+4, unknown}
   (You found it in the Dungeon)

   [amulet of reflection]

   It shields you and reflects attacks.
   It affects your dexterity (+4).
   It greatly protects you from cold.
   It insulates you from electricity.
   It affects your resistance to hostile enchantments.
   It affects your SH (+4).
 y - the ring "Ekkafir" {Fire rN+ Str-3 Int+3, unknown}
   (You found it in the Dungeon)

   [ring of fire]

   It enhances your fire magic.
   It affects your strength (-3).
   It affects your intelligence (+3).
   It protects you from fire.
   It makes you vulnerable to cold.
   It protects you from negative energy.
 J - the ring "Vahony" {rC+ Dex+3, unknown}
   (You found it in the Dungeon)

   [ring of protection from cold]

   It affects your dexterity (+3).
   It protects you from cold.
 K - an uncursed amulet of rage {unknown}
 M - an uncursed amulet of faith {unknown}
 N - an uncursed ring of insulation {unknown}
 P - the ring "Koholaz" {rC++ MR- AC+5 Int+2 SInv, unknown}
   (You found it in the Dungeon)

   [ring of protection]

   It affects your AC (+5).
   It affects your intelligence (+2).
   It greatly protects you from cold.
   It affects your resistance to hostile enchantments.
   It lets you see invisible.
Wands
 E - a wand of digging (15)
Scrolls
 d - a scroll of fog
 i - 5 scrolls of identify
 l - a scroll of enchant weapon {unknown}
 m - 6 scrolls of amnesia {unknown}
 p - 4 scrolls of remove curse {unknown}
 t - a scroll of fear {unknown}
 w - a scroll of enchant armour {unknown}
 x - 2 scrolls of immolation {unknown}
 F - 2 scrolls of blinking
 V - a scroll of magic mapping {unknown}
Potions
 g - 2 potions of curing
 j - 23 potions of magic
 k - 2 potions of berserk rage
 o - 2 potions of experience {unknown}
 q - 3 potions of haste
 r - a potion of invisibility
 u - 15 potions of flight
 z - 3 potions of resistance {unknown}
 B - a potion of might {unknown}
 C - a potion of agility {unknown}
 G - a potion of lignification {unknown}
 O - 27 potions of mutation
Miscellaneous
 H - a phial of floods
 L - a sack of spiders
 S - 2 phantom mirrors
Comestibles
 e - 4 rations {!d}


   Skills:
 + Level 17.0 Fighting
 - Level 14.0 Short Blades
 + Level 26.0 Dodging
 - Level 18.9 Stealth
 - Level 16.2 Spellcasting
 - Level 14.0 Hexes
 + Level 10.1 Charms
 + Level 10.2 Translocations
 - Level 14.7 Ice Magic
 + Level 17.4 Invocations


You had 26 spell levels left.
You knew the following spells:

 Your Spells              Type           Power        Failure   Level  Hunger
a - Corona                Hex            ######.      0%          1    None
b - Ensorcelled Hibernat  Hex/Ice        ######       1%          2    None
c - Confuse               Hex            ######..     1%          3    None
d - Dazzling Orbs         Conj/Hex       #####..      1%          3    None
e - Ozocubu's Armour      Chrm/Ice       ######..     1%          3    None
f - Tukima's Dance        Hex            ######..     1%          3    None
g - Cause Fear            Hex            ######....   1%          4    None
h - Blink Other           Tloc           ######       1%          1    None

Your spell library contained the following spells:

 Spells                   Type           Power        Failure   Level  Hunger
 Freeze                   Ice            ######       0%          1    None
 Swiftness                Chrm/Air       ####....     1%          2    None
 Throw Frost              Conj/Ice       #####.       1%          2    None
 Teleport Other           Tloc           ######..     1%          3    None
 Ice Form                 Ice/Tmut       #####...     1%          4    None
 Summon Ice Beast         Ice/Summ       #####...     1%          4    None
 Throw Icicle             Conj/Ice       #####...     1%          4    None
 Metabolic Englaciation   Hex/Ice        ######....   1%          5    None
 Piercing Shot            Chrm           ######....   1%          5    None
 Ozocubu's Refrigeration  Ice            ######....   1%          6    ##.....
 Tree Form                Hex/Tmut       N/A          2%          4    None
 Corpse Rot               Necr           N/A          6%          2    None
 Silence                  Hex/Air        #####.....   7%          5    None
 Summon Mana Viper        Hex/Summ       #####...     7%          5    None
 Stone Arrow              Conj/Erth      ##....       13%         3    None
 Iskenderun's Battlesphe  Conj/Chrm      ####....     14%         5    None
 Summon Forest            Summ/Tloc      ####......   14%         5    None
 Bolt of Cold             Conj/Ice       #####.....   30%         6    ##.....
 Freezing Cloud           Ice/Air        #####.....   30%         6    ##.....
 Simulacrum               Ice/Necr       #####.....   30%         6    ##.....
 Airstrike                Air            ##........   38%         4    None
 Deflect Missiles         Chrm/Air       ####......   63%         6    ##.....
 Discord                  Hex            ######....   65%         8    #####..
 Infestation              Hex/Tmut/Pois  ####.....    67%         6    ##.....
 Summon Lightning Spire   Summ/Air       ##......     75%         5    None
 Icicle Burst             Conj/Ice       #####.....   86%         7    ####...
 Malign Gateway           Summ/Tloc      ####......   99%         7    ####...
 Time Stop                Chrm/Tloc      N/A          99%         8    #####..
 Conjure Ball Lightning   Conj/Air       ##........   100%        6    ##.....
 Poison Arrow             Conj/Pois      ##........   100%        6    ##.....
 Statue Form              Tmut/Erth      ##.......    100%        6    ##.....
 Summon Hydra             Summ           ##........   100%        6    ##.....
 Dragon Form              Tmut           ##.....      100%        7    ####...
 Haunt                    Necr/Summ      ##........   100%        7    ####...
 Monstrous Menagerie      Summ           ##........   100%        7    ####...
 Orb of Destruction       Conj           ##........   100%        7    ####...
 Spellforged Servitor     Conj/Summ      ##........   100%        7    ####...
 Summon Greater Demon     Summ           ##........   100%        7    ####...
 Chain Lightning          Conj/Air       ##........   100%        8    #####..
 Glaciate                 Conj/Ice/Air   ####......   100%        8    #####..
 Lehudib's Crystal Spear  Conj/Erth      ##........   100%        8    #####..
 Necromutation            Tmut/Necr      ##......     100%        8    #####..
 Summon Horrible Things   Summ           ##........   100%        8    #####..
 Fire Storm               Conj/Fire      ##........   100%        9    #######
 Tornado                  Air            ##........   100%        9    #######


Dungeon Overview and Level Annotations

Branches:
Dungeon (1/1)

Altars:
Cheibriados
Dithmenos
Elyvilon
Fedhas
Gozag
Hepliaklqana
Kikubaaqudgha
Lugonu
Makhleb
Nemelex Xobeh
Okawaru
Qazlal
Ru
Sif Muna
Trog
Uskayaw
Vehumet
Wu Jian
Xom
Yredelemnul
Zin
The Shining One
Beogh
Jiyva

Shops:
D !(:}?:(%[!=:}=}!(*[![:?[%[}[[%==%:*?*


Innate Abilities, Weirdness & Mutations

You are very small and have problems with some larger weapons.
You are too small for most types of armour.
You have supernaturally acute eyesight. (SInv)
You are a herbivore.
You cover ground extremely quickly.
You need to consume almost no food.
You are surrounded by a mild repulsion field. (EV +2)
You are partially covered in rugged brown scales. (AC +1, +3% HP)
You can translocate small distances at will.
You possess an exceptional clarity of mind.
Your flesh is cold resistant. (rC+)
Your body sometimes deteriorates upon taking damage.


Message History

Why would you want to do that?
You feel very buoyant.
You fly up into the air.
You feel somewhat more hungry.
Really fly into a travel-excluded area?
There is an open door, spattered with blood here.
An Ice Fiend comes into view.
You have encountered a dangerous foe!
No path to travel!
The Ice Fiend gestures at you. You resist. The bolt of cold hits you!
There is a staircase leading out of the dungeon, spattered with blood here.
Things that are here:
a +0 dagger; a +0 robe You are starting to lose your buoyancy.
You see here a +2 battleaxe of venom.
No path to travel!
There is a staircase leading out of the dungeon, spattered with blood here.
Things that are here:
a +0 dagger; a +0 robe You have escaped!

##########≈≈#§§§#'§§#####....#.##
#########≈≈≈..≈≈≈)≈≈≈#..'....#..#
....∩.∩.#≈≈≈≈≈#≈'##≈.#..####.#..#
...∩.∩..#≈≈≈≈#..≈≈...####..'.##.#
..∩.∩....≈≈≈≈...#≈......#..#...##
.⌠.∩.....≈≈#.##.#≈.≈....#####..##
..∩.∩...#≈##.###'##......#..'..#.
...∩.∩..#≈#)..##.#1......#..#.)#.
....∩.∩.'≈'...'.@.'##.'..####..##
.....∩.∩.)......)##.#..§§§.###..)
▓▓▓▓▓▓###≈##.#..'###.##§§§...≈≈≈≈
[†.######≈≈##........#§≈.§...§#'#
...#..+^##≈≈≈#..#..#§≈≈≈§§≈..≈#..
∩.['..#'##'#≈##.#.##§≈≈≈≈≈≈≈.§#..
†..#.##○##.#≈≈##'##≈≈≈§≈§§§≈≈≈#..
...###°°.####≈§≈≈≈≈≈≈≈≈§≈≈§≈≈≈#..
#'###...°.# '''#'§'#≈≈≈≈≈≈≈≈≈#._


You could see an Ice Fiend.

Vanquished Creatures
  2 golden dragons (D)
  the Lernaean hydra (D)
  Gastronok (D)
  A bone dragon (D)
  An electric golem (D)
  A hellephant (D)
  A deep elf master archer (D)
  A deep elf blademaster (D)
  Murray (D)
  3 quicksilver dragons (D)
  A kraken (D)
  Kirke (D)
  2 sphinxes (D)
  Roxanne (D)
  2 storm dragons (D)
  A frost giant (D)
  A draconian shifter (D)
  An orc warlord (D)
  A cacodemon (D)
  Nessos (D)
  A dire elephant (D)
  3 lorocyprocas (D)
  A fire dragon (D)
  A crystal guardian (D)
  A deep elf high priest (D)
  A great orb of eyes (D)
  A yaktaur captain (D)
  An ice dragon (D)
  A centaur warrior (D)
  An iron elemental (D)
  2 hell hogs (D)
  A death yak (D)
  Sonja (D)
  2 deep trolls (D)
  3 sixfirhies (D)
  An iron golem (D)
  A glowing orange brain (D)
  A skeletal warrior (D)
  2 death drakes (D)
  2 unseen horrors (D)
  3 toenail golems (D)
  3 orc sorcerers (D)
  A harpy (D)
  3 manticores (D)
  An oklob plant (D)
  12 shining eyes (D)
  An elephant (D)
  A merfolk siren (D)
  An eye of devastation (D)
  2 cane toads (D)
  A kobold demonologist (D)
  A yaktaur (D)
  5 polar bears (D)
  A hornet (D)
  3 slime creatures (D)
  A blink frog (D)
  4 hippogriffs (D)
  6 flying skulls (D)
  2 wyverns (D)
  3 yaks (D)
  4 crocodiles (D)
  3 soldier ants (D)
  10 floating eyes (D)
  2 swamp drakes (D)
  3 black bears (D)
  5 necrophages (D)
  2 earth elementals (D)
  9 electric eels (D)
  A jelly (D)
  3 orc priests (D)
  An iron imp (D)
  3 worms (D)
  A spectral bat (D)
  A ballistomycete (D)
156 creatures vanquished.

Vanquished Creatures (others)
  A hippogriff (D)
  Menkaure (D)
  A crocodile (D)
  An orc priest (D)
  A spectral quokka (D)
  2 ballistomycete spores (D)
7 creatures vanquished.

Grand Total: 163 creatures vanquished

Notes
Turn   | Place    | Note
-------+----------+-------------------------------------------
     0 | D        | Groucho the Spriggan Enchanter began the quest for the Orb.
     0 | D        | Reached XP level 1. HP: 9/9 MP: 5/5
     1 | D        | Noticed a merfolk siren
     7 | D        | Found Saclur's Jewellery Shop.
     7 | D        | Found Efetwe's Antique Armour Boutique.
    16 | D        | Killed a merfolk siren
    16 | D        | Killed a crocodile
    17 | D        | Reached XP level 2. HP: 10/13 MP: 5/12
    17 | D        | Reached XP level 3. HP: 13/16 MP: 5/14
    17 | D        | Reached XP level 4. HP: 17/21 MP: 5/15
    17 | D        | Reached XP level 5. HP: 19/24 MP: 5/17
    17 | D        | Reached XP level 6. HP: 23/28 MP: 5/18
    24 | D        | Killed Menkaure
    25 | D        | Learned a level 2 spell: Ensorcelled Hibernation
    29 | D        | Learned a level 3 spell: Confuse
    33 | D        | Learned a level 3 spell: Dazzling Orbs
   205 | D        | Noticed a hippogriff
   205 | D        | Noticed a hippogriff
   208 | D        | Killed a hippogriff
   209 | D        | Reached XP level 7. HP: 32/32 MP: 16/20
   211 | D        | Killed a hippogriff
   212 | D        | Reached skill level 10 in Spellcasting
   212 | D        | Reached skill level 10 in Hexes
   247 | D        | Reached skill level 1 in Fighting
   251 | D        | Reached skill level 4 in Dodging
   365 | D        | Reached XP level 8. HP: 39/39 MP: 15/23
   496 | D        | Found Ubiumysmiom's Book Boutique.
   496 | D        | Found Jaegh's Antique Armour Shop.
   496 | D        | Found Iwkoar's Antique Armour Shop.
   496 | D        | Found Pirphy's Antique Armour Shop.
   496 | D        | Found Kyich's Distillery.
   497 | D        | Found Jeanad's Gadget Shop.
   497 | D        | Found Bamaades's Antique Weapon Boutique.
   497 | D        | Found Yfocha's Distillery.
   497 | D        | Found Jerchoig's Gadget Boutique.
   498 | D        | Found Elosawk Ikhlu's Book Shop.
   498 | D        | Found Jasigaip's Jewellery Boutique.
   498 | D        | Noticed a cane toad
   499 | D        | Found Koih's Food Boutique.
   499 | D        | Found Avoasat's Magic Scroll Shop.
   501 | D        | Noticed an oklob plant
   502 | D        | Found Jelucwee's Book Shoppe.
   507 | D        | Noticed a cane toad
   511 | D        | Noticed a great orb of eyes
   542 | D        | Bought the ring "Kopsuq" {+Fly MR- Str+2 Stlth+} for 304
                  | gold pieces
   542 | D        | Bought an uncursed ring of poison resistance for 240 gold
                  | pieces
   553 | D        | Reached skill level 5 in Dodging
   633 | D        | Found a snail-covered altar of Cheibriados.
   634 | D        | Found a shadowy altar of Dithmenos.
   635 | D        | Found a white marble altar of Elyvilon.
   635 | D        | Found an ancient bone altar of Kikubaaqudgha.
   635 | D        | Found a roughly hewn altar of Beogh.
   635 | D        | Found a viscous altar of Jiyva.
   636 | D        | Found a blossoming altar of Fedhas.
   636 | D        | Found a corrupted altar of Lugonu.
   636 | D        | Found a shimmering blue altar of Sif Muna.
   638 | D        | Found an opulent altar of Gozag.
   638 | D        | Found a burning altar of Makhleb.
   638 | D        | Found a bloodstained altar of Trog.
   639 | D        | Found a sparkling altar of Nemelex Xobeh.
   639 | D        | Found a hide-covered altar of Uskayaw.
   640 | D        | Found a basalt altar of Yredelemnul.
   641 | D        | Found an iron altar of Okawaru.
   641 | D        | Found a radiant altar of Vehumet.
   641 | D        | Found a glowing silver altar of Zin.
   641 | D        | Found a hazy altar of Hepliaklqana.
   641 | D        | Found a sacrificial altar of Ru.
   641 | D        | Found a shimmering altar of Xom.
   641 | D        | Noticed a hornet
   641 | D        | Noticed a polar bear
   642 | D        | Found a stormy altar of Qazlal.
   642 | D        | Found an ornate altar of the Wu Jian Council.
   642 | D        | Found a glowing golden altar of the Shining One.
   642 | D        | Noticed a yaktaur
   655 | D        | Became a worshipper of Dithmenos the Shadowed
   666 | D        | Noticed a polar bear
   666 | D        | Noticed a polar bear
   667 | D        | Killed a polar bear
   668 | D        | Reached skill level 6 in Dodging
   671 | D        | Killed a hornet
   672 | D        | Reached skill level 5 in Short Blades
   681 | D        | Killed a polar bear
   681 | D        | Reached * piety under Dithmenos
   682 | D        | Reached skill level 7 in Dodging
   685 | D        | Killed a polar bear
   686 | D        | Reached XP level 9. HP: 35/45 MP: 9/25
   696 | D        | Killed a yaktaur
   697 | D        | Reached skill level 8 in Dodging
   736 | D        | Reached ** piety under Dithmenos
   747 | D        | Noticed a death yak
   749 | D        | Killed a death yak
   750 | D        | Reached skill level 5 in Fighting
   750 | D        | Reached skill level 9 in Dodging
   766 | D        | Reached *** piety under Dithmenos
   772 | D        | Reached skill level 10 in Dodging
   781 | D        | Noticed a deep elf master archer
   784 | D        | Killed a deep elf master archer
   785 | D        | Reached skill level 11 in Dodging
   785 | D        | Reached XP level 10. HP: 53/53 MP: 25/28
   800 | D        | Noticed a death drake
   801 | D        | Noticed a death drake
   801 | D        | Noticed a crystal guardian
   802 | D        | Reached **** piety under Dithmenos
   821 | D        | Killed a death drake
   822 | D        | Reached skill level 10 in Short Blades
   822 | D        | Reached skill level 12 in Dodging
  1379 | D        | Killed a crystal guardian
  1386 | D        | Killed a death drake
  1387 | D        | Reached skill level 13 in Dodging
  1394 | D        | Noticed an electric golem
  1394 | D        | Noticed a toenail golem
  1436 | D        | Noticed a hell hog
  1436 | D        | Noticed an iron elemental
  1436 | D        | Noticed a hell hog
  1436 | D        | Noticed a manticore
  1436 | D        | Noticed a manticore
  1436 | D        | Noticed a manticore
  1574 | D        | Killed a manticore
  1574 | D        | Reached ***** piety under Dithmenos
  1576 | D        | Reached XP level 11. HP: 60/60 MP: 30/30
  1579 | D        | Killed an iron elemental
  1582 | D        | Killed a hell hog
  1583 | D        | Reached skill level 14 in Dodging
  1585 | D        | Reached skill level 15 in Spellcasting
  1587 | D        | Killed a hell hog
  1594 | D        | Reached ****** piety under Dithmenos
  1605 | D        | Reached skill level 15 in Dodging
  1653 | D        | Got a vibrating ivory amulet
  1909 | D        | Found the cursed +4 dagger "Morg" {pain, MR+ Int+12 *Curse}
  1912 | D        | Noticed a kraken
  1932 | D        | Killed a kraken
  2067 | D        | Got an ancient lead ring
  2148 | D        | Noticed a deep troll
  2148 | D        | Noticed a deep troll
  2153 | D        | Killed a deep troll
  2158 | D        | Killed a deep troll
  2159 | D        | Reached skill level 10 in Fighting
  2159 | D        | Reached skill level 16 in Dodging
  2179 | D        | Noticed a sphinx
  2180 | D        | Noticed a sphinx
  2182 | D        | Killed a sphinx
  2183 | D        | Reached skill level 5 in Invocations
  2183 | D        | Reached XP level 12. HP: 60/67 MP: 28/33
  2183 | D        | Killed a sphinx
  2228 | D        | Noticed a black draconian shifter
  2228 | D        | Noticed a hellephant
  2228 | D        | Noticed Sonja
  2231 | D        | Killed Sonja
  2232 | D        | Reached skill level 17 in Dodging
  2296 | D        | Killed a hellephant
  2297 | D        | Reached skill level 5 in Ice Magic
  2495 | D        | Killed a black draconian shifter
  2496 | D        | Reached skill level 18 in Dodging
  2530 | D        | Noticed a deep elf blademaster
  2537 | D        | Killed a deep elf blademaster
  2675 | D        | Noticed Roxanne
  2746 | D        | Killed Roxanne
  2747 | D        | Reached skill level 19 in Dodging
  2914 | D        | Noticed a dire elephant
  2916 | D        | Reached skill level 10 in Invocations
  2916 | D        | Reached XP level 13. HP: 75/75 MP: 34/34
  2919 | D        | Killed a dire elephant
  2964 | D        | Got a shimmering copper ring
  2994 | D        | Got a scorched lapis lazuli ring
  3028 | D        | Noticed Gastronok
  3030 | D        | Killed Gastronok
  3031 | D        | Reached skill level 20 in Dodging
  3061 | D        | Found Yngalim's Book Shoppe.
  3062 | D        | Found Cathynki's Jewellery Boutique.
  3151 | D        | Reached skill level 10 in Ice Magic
  3196 | D        | Reached skill level 21 in Dodging
  3251 | D        | Gained mutation: You are somewhat resistant to further
                  | mutation. [potion of mutation]
  3252 | D        | Lost mutation: You are somewhat resistant to further
                  | mutation. [potion of mutation]
  3252 | D        | Gained mutation: You are partially covered in molten
                  | scales. (AC +2) [potion of mutation]
  3252 | D        | Gained mutation: You have sharp fingernails. [potion of
                  | mutation]
  3253 | D        | Lost mutation: You are partially covered in molten scales.
                  | (AC +2) [potion of mutation]
  3253 | D        | Lost mutation: You have sharp fingernails. [potion of
                  | mutation]
  3253 | D        | Gained mutation: Your spells are a little easier to cast,
                  | but a little less powerful. [potion of mutation]
  3253 | D        | Gained mutation: You are clumsy. (Dex -2) [potion of
                  | mutation]
  3253 | D        | Gained mutation: Your flesh is cold resistant. (rC+)
                  | [potion of mutation]
  3254 | D        | Lost mutation: You are clumsy. (Dex -2) [potion of
                  | mutation]
  3254 | D        | Lost mutation: Your spells are a little easier to cast, but
                  | a little less powerful. [potion of mutation]
  3254 | D        | Gained mutation: You are robust. (+10% HP) [potion of
                  | mutation]
  3254 | D        | Gained mutation: You are weak. (Str -2) [potion of
                  | mutation]
  3254 | D        | Gained mutation: You are surrounded by a mild repulsion
                  | field. (EV +2) [potion of mutation]
  3256 | D        | Lost mutation: Your flesh is cold resistant. (rC+) [potion
                  | of mutation]
  3256 | D        | Lost mutation: You are weak. (Str -2) [potion of mutation]
  3256 | D        | Lost mutation: You are robust. (+10% HP) [potion of
                  | mutation]
  3256 | D        | Gained mutation: You are partially covered in rugged brown
                  | scales. (AC +1, +3% HP) [potion of mutation]
  3256 | D        | Gained mutation: You can translocate small distances at
                  | will. [potion of mutation]
  3368 | D        | Killed an electric golem
  3444 | D        | Noticed a golden dragon
  3459 | D        | Killed a golden dragon
  3460 | D        | Reached skill level 22 in Dodging
  3460 | D        | Reached XP level 14. HP: 69/86 MP: 25/35
  3462 | D        | Found Fiannute's General Store.
  3462 | D        | Found Uzaelaroq's Magic Scroll Shoppe.
  3462 | D        | Found Tonkaj's Assorted Antiques.
  3462 | D        | Found Vygiycy's Food Emporium.
  3462 | D        | Noticed a storm dragon
  3468 | D        | Killed a storm dragon
  3473 | D        | Bought a scroll of acquirement for 624 gold pieces
  3481 | D        | Identified the +8 quick blade of the Sky {pierce, *Rage MR+
                  | Dex+2} (You acquired it in the Dungeon)
  3481 | D        | Identified the -5 buckler of the Vestibule of Hell {Dex+3}
                  | (You acquired it in the Dungeon)
  3481 | D        | Identified the ring "Pegivoc" {+Fly rC+ Str+3 Dex-3} (You
                  | acquired it in the Dungeon)
  3482 | D        | Identified the amulet "Icapp" {RegenMP MR+ Str+4} (You
                  | acquired it in the Dungeon)
  3482 | D        | Identified Nuobb's Grimoire of Ghastly Curses (You acquired
                  | it in the Dungeon)
  3483 | D        | Identified the amulet "Picvodaruwu" {Faith Str+3 Int+5}
                  | (You acquired it in the Dungeon)
  3484 | D        | Identified the Almanac of the Gliding Frostbite (You
                  | acquired it in the Dungeon)
  3505 | D        | Noticed Kirke
  3594 | D        | Noticed a storm dragon
  3618 | D        | Noticed a golden dragon
  3851 | D        | Noticed a cacodemon
  3863 | D        | Gained mutation: Your body sometimes deteriorates upon
                  | taking damage. [a cacodemon]
  3883 | D        | Gained mutation: Your flesh is cold resistant. (rC+) [a
                  | cacodemon]
  3891 | D        | Gained mutation: You possess an exceptional clarity of
                  | mind. [a cacodemon]
  4854 | D        | Killed Kirke
  4855 | D        | Reached skill level 15 in Fighting
  4855 | D        | Reached skill level 23 in Dodging
  4879 | D        | Killed a storm dragon
  5075 | D        | Bought a book of Frost for 420 gold pieces
  5079 | D        | Learned a level 3 spell: Ozocubu's Armour
  5090 | D        | Noticed a bone dragon
  5095 | D        | Noticed a frost giant
  5097 | D        | Killed a bone dragon
  5098 | D        | Reached skill level 15 in Invocations
  5100 | D        | Killed a frost giant
  5169 | D        | Reached skill level 24 in Dodging
  5188 | D        | Found Cuykehuj's Distillery.
  5188 | D        | Found Qogomoov's Antique Weapon Shop.
  5189 | D        | Found Ohi Ciq's Magic Scroll Shop.
  5189 | D        | Found Riocvofoets's Armour Shoppe.
  5189 | D        | Found Qaolib's Gadget Boutique.
  5189 | D        | Found Adaempem's Assorted Antiques.
  5189 | D        | Found Qodib's Antique Armour Shop.
  5189 | D        | Found Ytuad's Book Shoppe.
  5189 | D        | Found Retenauc's Distillery.
  5189 | D        | Found Ithi Aph's Jewellery Emporium.
  5189 | D        | Found Qugoes's Armour Shop.
  5189 | D        | Found Ycsouck Zoph's Food Shoppe.
  5198 | D        | Bought a runed scarf for 136 gold pieces
  5394 | D        | Found Jeicemi's Food Shoppe.
  5395 | D        | Found Petec's Gadget Shop.
  5396 | D        | Noticed Nessos
  5403 | D        | Killed Nessos
  5445 | D        | Found Vyilukh's Antique Weapon Shoppe.
  5459 | D        | Got a jewelled flail
  5467 | D        | Bought a runed dagger for 140 gold pieces
  5495 | D        | Noticed the 27-headed Lernaean hydra
  5497 | D        | Killed the 27-headed Lernaean hydra
  5506 | D        | Noticed an orc warlord
  5508 | D        | Killed an orc warlord
  5594 | D        | Bought the Collected Works on Quantum Malediction for 816
                  | gold pieces
  5598 | D        | Learned a level 3 spell: Tukima's Dance
  5603 | D        | Learned a level 4 spell: Cause Fear
  5605 | D        | Learned a level 1 spell: Blink Other
  5624 | D        | Identified the ring "Kuasob" {rElec rF+ Str+4} (You
                  | acquired it in the Dungeon)
  5624 | D        | Identified the Compendium of Unstable Dislocation (You
                  | acquired it in the Dungeon)
  5625 | D        | Found the +8 arc blade {discharge, rElec}
  5628 | D        | Identified Siesunup's Collected Works on Excruciating
                  | Curses (You acquired it in the Dungeon)
  5629 | D        | Identified the -3 hat of the Hills {rPois rF- rN++ Int+4}
                  | (You acquired it in the Dungeon)
  5629 | D        | Identified the amulet of Leam {Faith *Corrode rPois rC-
                  | Str+7} (You acquired it in the Dungeon)
  5629 | D        | Identified the Papyrus of Damaging Venom (You acquired it
                  | in the Dungeon)
  6119 | D        | Killed a golden dragon
  6120 | D        | Reached skill level 25 in Dodging
  6120 | D        | Reached skill level 5 in Charms
  6120 | D        | Reached skill level 5 in Translocations
  6120 | D        | Reached XP level 15. HP: 25/94 MP: 32/36
  6441 | D        | Killed a cacodemon
  6454 | D        | Noticed a quicksilver dragon
  6454 | D        | Noticed a quicksilver dragon
  6458 | D        | Killed a quicksilver dragon
  6460 | D        | Killed a quicksilver dragon
  6521 | D        | Noticed a quicksilver dragon
  6522 | D        | Killed a quicksilver dragon
  6831 | D        | Noticed Murray
  6852 | D        | Killed Murray
  6853 | D        | Reached skill level 26 in Dodging
  6853 | D        | Reached skill level 10 in Charms
  6853 | D        | Reached skill level 10 in Translocations
  6860 | D        | Got the Orb of Zot
  6905 | D        | Noticed an Ice Fiend
  6962 | D        | Noticed an Ice Fiend
  6970 | D        | Escaped with the Orb!

Skill      XL: |  1  2  3  4  5  6  7  8  9 10 11 12 13 14 15 |
---------------+----------------------------------------------+-----
Stealth        | 14 16 17 18 | 18.9
Spellcasting   | 8 9 10 11 13 14 16 | 16.2
Hexes          | 8 9 10 11 13 14 | 14.0
Fighting       | 2 4 6 8 10 12 14 16 17 | 17.0
Short Blades   | 3 5 9 11 13 14 | 14.0
Dodging        | 4 7 11 13 16 19 22 25 26 | 26.0
Invocations    | 5 10 13 16 17 | 17.4
Ice Magic      | 2 8 12 14 | 14.7
Charms         | 5 10 | 10.1
Translocations | 5 10 | 10.2

Action                   |  1- 3 |  4- 6 |  7- 9 | 10-12 | 13-15 || total
-------------------------+-------+-------+-------+-------+-------++-------
Melee: Dagger            |    10 |     5 |    32 |   180 |   167 ||   394
       Rapier            |       |       |       |       |   127 ||   127
Throw: Throwing net      |       |       |       |     1 |       ||     1
 Cast: Ensorcelled Hiber |       |     2 |    13 |    13 |    24 ||    52
       Confuse           |       |       |    11 |    15 |    15 ||    41
       Dazzling Orbs     |       |       |       |     6 |    27 ||    33
       Ozocubu's Armour  |       |       |       |       |     2 ||     2
Invok: Shadow Step       |       |       |     1 |     6 |       ||     7
       Shadow Form       |       |       |       |     2 |     6 ||     8
 Abil: Evoke Flight      |       |       |     2 |    10 |    16 ||    28
       Stop Flying       |       |       |       |       |     2 ||     2
       Blink             |       |       |       |       |     1 ||     1
Evoke: Wand              |       |       |       |       |     1 ||     1
  Use: Potion            |     1 |       |     1 |     2 |     8 ||    12
       Scroll            |       |       |       |     1 |     7 ||     8
 Stab: Invisible         |     4 |       |       |    24 |    27 ||    55
       Sleeping          |       |     4 |    14 |    24 |    73 ||   115
       Confused          |       |       |     6 |    20 |     3 ||    29
       Distracted        |       |       |       |       |     1 ||     1
  Eat: Ration            |       |       |       |     2 |     3 ||     5
Armor: Robe              |       |       |     1 |     3 |     9 ||    13
Dodge: Dodged            |     5 |     1 |    32 |   136 |   218 ||   392
